 Dungeon Crawl Stone Soup version 0.22-a0-429-g97ce8ef (webtiles) character file.

17 Gorglomux the Ducker (level 2, -4/16 HPs)
             Began as a Spriggan Berserker on May 25, 2018.
             Slain by a polar bear (20 damage)
             ... created by the rage of Trog
             ... on level 1 of the Dungeon.
             The game lasted 00:01:17 (485 turns).

Gorglomux the Ducker (Spriggan Berserker)            Turns: 485, Time: 00:01:18

Health: -4/16      AC:  2    Str: 13    XL:     2   Next: 44%
Magic:  3/3        EV: 19    Int:  8    God:
Gold:   32         SH:  0    Dex: 15    Spells: 1/1 levels left

rFire    . . .     SeeInvis +   a - +0 short sword
rCold    . . .     Gourm    .   (shield restricted)
rNeg     . . .     Faith    .   b - +0 animal skin
rPois    .         Spirit   .   (helmet restricted)
rElec    .         Reflect  .   (no cloak)
rCorr    .         Harm     .   (gloves unavailable)
MR       .....                  (boots unavailable)
Stlth    +.........             (no amulet)
HPRegen  0.05/turn              (no ring)
MPRegen  0.08/turn              (no ring)

@: confused, very quick
A: very small, unfitting armour, see invisible, herbivore, speed 3, slow
metabolism 2
a: no special abilities


You were on level 1 of the Dungeon.
You were not hungry.

You visited 1 branch of the dungeon, and saw 1 of its levels.

You collected 32 gold pieces.

Inventory:

Hand Weapons
 a - a +0 short sword (weapon)
 f - a +0 vampiric dagger
Missiles
 e - 16 sling bullets
Armour
 b - a +0 animal skin (worn)
Scrolls
 g - 3 scrolls of enchant armour {unknown}
Comestibles
 c - 2 rations


   Skills:
 - Level 2.4 Fighting
 - Level 3.2 Short Blades
 - Level 4.4 Dodging
 + Level 3.6 Stealth


You had one spell level left.
You didn't know any spells.
Your spell library was empty.

Dungeon Overview and Level Annotations

Branches:
Dungeon (1/15)

Altars:


Innate Abilities, Weirdness & Mutations

You are very small and have problems with some larger weapons.
You are too small for most types of armour.
You have supernaturally acute eyesight. (SInv)
You are a herbivore.
You cover ground extremely quickly.
You need to consume almost no food.


Message History

The helpless leopard gecko fails to defend itself!
You perforate the leopard gecko like a sieve!!!!!!
You annihilate the leopard gecko!!!
No target in view!!!
You see here a leopard gecko corpse!
No target in view!!!
No target in view!!!
No target in view!!!
You now butt 32 gold pieces (gained 12)!
Trog sends monsters to punish you! 3 polar bears come into view!
There are monsters nearby!!!
There are monsters nearby!!!
You spit the polar bear like a butt!
The polar bear is lightly wounded!
It was a potion of ambrosia!
You are butt!
You feel invigorated! The polar bear bites you!!!!!!
DANG rip

# #.# .
#.# # #.#
#.# #.#
#.# #.#
#h# #@#
.....h.h#
...######
#


You could see 3 polar bears.

Vanquished Creatures
  A leopard gecko (D:1)
  A giant cockroach (D:1)
  6 goblins (D:1)
  2 hobgoblins (D:1)
  2 bats (D:1)
  A rat (D:1)
13 creatures vanquished.

Notes
Turn   | Place    | Note
-------+----------+-------------------------------------------
     0 | D:1      | Gorglomux the Spriggan Berserker began the quest for the Orb.
     0 | D:1      | Reached XP level 1. HP: 11/11 MP: 2/2
    13 | D:1      | Fell from the grace of Trog
    17 | D:1      | Reached skill level 1 in Stealth
   282 | D:1      | Reached XP level 2. HP: 16/16 MP: 3/3
   313 | D:1      | Reached skill level 3 in Stealth
   484 | D:1      | Noticed a polar bear
   484 | D:1      | Noticed a polar bear
   484 | D:1      | Noticed a polar bear
   485 | D:1      | Slain by a polar bear

Vault maps used:
D:1:      minmay_arrival_plants_in_alcoves

Skill      XL: |  1  2 |
---------------+-------+-----
Stealth        | 2 3 |  3.6
Fighting       | |  2.4
Short Blades   | |  3.2
Dodging        | |  4.4

Action                   || total
-------------------------++-------
Melee: Short sword       ||    41
Invok: Renounce Religion ||     1
  Use: Potion            ||     1
 Stab: Sleeping          ||     2
Armor: Animal skin       ||     6
Dodge: Dodged            ||    25

Table legend:
 A = Spawn XP
 B = Non-spawn XP
 C = Spawn XP percentage of total XP
 D = Spawn monster count
 E = Non-spawn monster count
 F = Spawn count percentage of total count
 G = Total turns spent on level
                    A         B        C        D         E        F      G
               +---------+---------+-------+---------+---------+-------+---------
         Total |       0 |      25 |   0.0 |       0 |      13 |   0.0 |   485
               +---------+---------+-------+---------+---------+-------+---------
           D:1 |       0 |      25 |   0.0 |       0 |      13 |   0.0 |   485
               +---------+---------+-------+---------+---------+-------+---------
